 Dungeon Crawl Stone Soup version 0.29-a0-330-g52719c12eb (webtiles) character file.

Game seed: 17017996678502406825

66665 tilp the Spear-Bearer (level 14, -5/109 (113) HPs)
             Began as a Mummy Artificer on May 12, 2022.
             Was a High Priest of Ru.
             Slain by a death yak (8 damage)
             ... on level 6 of the Lair of Beasts.
             The game lasted 01:31:05 (40727 turns).

tilp the Spear-Bearer (Mummy Artificer)            Turns: 40727, Time: 01:31:05

HP:   -5/109 (113)  AC: 22    Str: 19    XL:     14   Next: 80%
MP:   7/14          EV:  3    Int: 11    God:    Ru [*****.]
Gold: 1328          SH:  0    Dex: 11    Spells: 13/13 levels left

rFire   . . .      SeeInvis +   X - +0 glaive (spect)
rCold   + . .      Faith    .   (shield currently unavailable)
rNeg    + + +      Spirit   .   e - +3 plate armour {rF+}
rPois   ∞          Reflect  .   p - +1 hat
rElec   .          Harm     .   n - +0 cloak
rCorr   .          Rampage  .   z - +2 pair of gloves
Will    +....                   t - +0 pair of boots
Stlth   ..........              x - amulet of the acrobat
HPRegen 0.28/turn               g - ring of see invisible
MPRegen 0.14/turn               C - ring of willpower

@: exhausted, lightly drained
A: clumsy 1, cold resistance 1, negative energy resistance 3, torment resistance
2, heat vulnerability 1, no stealth, no conjurations magic, no earth magic, no
transmutations magic, reduced EV 1, weak-willed 1, disrupted magic 1, in touch
with death 2, no potions
a: Renounce Religion, Draw Out Power, Power Leap, Apocalypse


You were on level 6 of the Lair of Beasts.
You worshipped Ru.
Ru was extremely pleased with you.
You visited 4 branches of the dungeon, and saw 21 of its levels.

You collected 2138 gold pieces.
You spent 810 gold pieces at shops.

Inventory:

Hand Weapons
 a - a +2 trident of freezing
 b - a +1 trident of venom
 F - a +1 halberd of venom
 I - a +2 spear of freezing
 L - a +2 hunting sling of freezing
 Q - the +6 spear of Hard Scrabble {chaos, rC+}
   (You found it on level 9 of the Dungeon)

   Each time it hits an enemy it has a different, random effect.
   rC:        It protects you from cold.
 S - a +0 antimagic halberd
 X - a +0 spectral glaive (weapon)
Missiles
 c - 2 throwing nets
 h - 625 stones
 i - 3 javelins
 u - 5 atropa-tipped darts
 v - 2 datura-tipped darts
 y - 7 poisoned darts (quivered)
 H - 12 boomerangs of dispersal
 T - 9 boomerangs
 W - a curare-tipped dart
Armour
 e - a +3 plate armour of fire resistance (worn)
 k - a +0 ring mail
 m - a +0 buckler
 n - a +0 cloak (worn)
 o - a +0 chain mail
 p - a +1 hat (worn)
 t - a +0 pair of boots (worn)
 z - a +2 pair of gloves (worn)
Jewellery
 g - a ring of see invisible (left hand)
 x - an amulet of the acrobat (around neck)
 C - a ring of willpower (right hand)
 M - a ring of ice
 O - a ring of protection from cold
 R - a ring of ice
 U - a ring of protection from fire
Wands
 d - a wand of charming (2)
 l - a wand of polymorph (6)
 w - a wand of digging (28)
 K - a wand of iceblast (1)
 V - a wand of flame (5)
 Z - a wand of paralysis (3)
Scrolls
 f - 5 scrolls of torment
 j - 3 scrolls of enchant weapon
 r - 2 scrolls of silence
 s - 2 scrolls of vulnerability
 A - 2 scrolls of magic mapping
 B - 4 scrolls of amnesia
 E - 2 scrolls of noise
 G - a scroll of holy word
 J - 6 scrolls of teleportation
 N - 3 scrolls of fear
 P - a scroll of fog
 Y - a scroll of acquirement


   Skills:
 + Level 11.5 Fighting
 * Level 13.8 Polearms
 - Level 6.0 Throwing
 + Level 5.3 Armour
 - Level 10.0 Dodging
   Level 0.0 Stealth
 - Level 2.0 Shields
 - Level 8.0 Evocations


You had 13 spell levels left.
You didn't know any spells.
Your spell library contained the following spells:

 Spells                   Type           Power      Damage    Failure   Level
 Ensorcelled Hibernation  Hex/Ice        0%         N/A       100%        2
 Poisonous Vapours        Pois/Air       0%         N/A       100%        2
 Anguish                  Hex/Necr       0%         N/A       100%        4
 Dispel Undead            Necr           0%         3d6       100%        4
 Excruciating Wounds      Necr           0%         N/A       100%        5
 Simulacrum               Ice/Necr       0%         N/A       100%        6
 Maxwell's Capacitive Co  Air            0%         ∞         100%        8
 Static Discharge         Conj/Air       Unusable   N/A       N/A         2
 Spider Form              Tmut/Pois      Unusable   N/A       N/A         3
 Fulminant Prism          Conj/Hex       Unusable   3d6       N/A         4
 Hailstorm                Conj/Ice       Unusable   3d3       N/A         4
 Ice Form                 Ice/Tmut       Unusable   N/A       N/A         4
 Iskenderun's Mystic Bla  Conj/Tloc      Unusable   2d3       N/A         4
 Lee's Rapid Deconstruct  Erth           Unusable   3d5*      N/A         5
 Lightning Bolt           Conj/Air       Unusable   1d11      N/A         5
 Death's Door             Necr           Unusable   N/A       N/A         9

Dungeon Overview and Level Annotations

Branches:
Dungeon (12/15)            Temple (1/1) D:6            Lair (6/6) D:11
  Swamp (0/4) Lair:2       Spider (0/4) Lair:2        Slime (0/5) Lair:5
    Orc (2/2) D:12            Elf (0/3) Orc:2

Altars:
Ashenzari
Cheibriados
Dithmenos
Elyvilon
Fedhas
Gozag
Hepliaklqana
Kikubaaqudgha
Makhleb
Nemelex Xobeh
Okawaru
Qazlal
Ru
Sif Muna
Trog
Uskayaw
Vehumet
Wu Jian
Xom
Yredelemnul
Zin
The Shining One

Shops:
D:3 *   D:7 (   Orc:2 [=(*

Annotations:
Lair:1 2 transporters, Nihirasm's ghost, novice MiBe
Lair:2 boulder beetle!
Lair:6 unfinished, exclusions: warg, wolf and 3 more exclusions
Orc:2 2 transporters, kobe's ghost, journeyman OgAr


Innate Abilities, Weirdness & Mutations

You are immune to poison.
You are clumsy. (Dex -2)
Your flesh is cold resistant. (rC+)
You are immune to negative energy. (rN+++)
You are immune to unholy pain and torment.
You are vulnerable to heat. (rF-)
You cannot be stealthy.
You cannot study or cast Conjurations magic.
You cannot study or cast Earth magic.
You cannot study or cast Transmutations magic.
You have somewhat slow reflexes. (EV -5)
You are slightly weak-willed. (Will-)
Your casting is slightly disrupted.
You are strongly in touch with the powers of death.
You do not drink.


Message History

You kill the death yak!
Unknown command.
You barely miss the death yak.
The death yak is severely wounded.
Your +0 spectral glaive hits the death yak from afar!
Unknown command.
You hit the death yak but do no damage.
The death yak is almost dead.
Your +0 spectral glaive hits the death yak from afar.
Unknown command.
You slash the death yak!
You kill the death yak!
Unknown command.
You slash the death yak!
The death yak is almost dead.
Your +0 spectral glaive hits the death yak but does no damage.
The death yak gores you!
* * * LOW HITPOINT WARNING * * *
Unknown command.
You slice the death yak!!
You kill the death yak!
The death yak is no longer paralysed. x2; The death yak gores you.
* * * LOW HITPOINT WARNING * * *
Unknown command.
You hit the death yak.
The death yak is heavily wounded.
Your +0 spectral glaive hits the death yak from afar.
The death yak gores you!!
* * * LOW HITPOINT WARNING * * *
Unknown command.
You hit the death yak but do no damage.
The death yak is heavily wounded.
Your +0 spectral glaive hits the death yak from afar.
The death yak gores you!
* * * LOW HITPOINT WARNING * * *
Unknown command.
Okay, then.
You swap places.
The death yak attacks as you move away! The death yak gores you!
You die...

♣#..#.#...≈≈≈≈≈....,,,,......Y
♣.###..≈≈≈≈≈≈≈.#.,,,,,....Y..
♣♣####....≈≈≈≈≈≈..#*,***#(.?..Y #
♣.♣......≈≈≈≈≈≈...###* *.....#.
##♣........≈≈≈≈≈≈.....####Y...###
.#♣.÷......≈≈≈≈≈...............#.
..♣.♣.......≈≈≈≈≈..(((.Y.#.....##
..♣♣♣##.....≈≈≈≈.÷÷####.##.#..###
..♣♣####..#≈.≈≈†@.## ####.#..###
....P###.....≈.Y†### ###....#.#
...................#####........#
.................................
................Y................
................†................
....P##.................#........
.....###P...##....##.#..##.....##
....##.....!.#....#......##....#


You could see 2 death yaks and a friendly +0 spectral glaive (summoned).

Vanquished Creatures
  An ettin (Orc:2)
  Fannar (D:11)
  3 hydras
  An ice dragon (Lair:1)
  Erica (Orc:1)
  Erolcha (D:11)
  3 boulder beetles
  A catoblepas (Lair:2)
  3 two-headed ogres
  A death knight (D:11)
  9 death yaks (Lair:6)
  Urug (Lair:4)
  Amaemon (Lair:2)
  A lindwurm (Orc:1)
  4 orc knights
  A bog body (Lair:2)
  2 manticores
  An ugly thing (D:11)
  A cyclops (D:10)
  18 elephants
  An orange demon (Lair:3)
  3 black mambas
  A gargoyle (D:10)
  A torpor snail (Lair:2)
  12 cane toads
  A kobold demonologist (D:11)
  Psyche (D:8)
  2 rime drakes
  2 unseen horrors
  10 komodo dragons
  A meliai (D:11)
  A queen bee (D:10)
  4 trolls
  5 polar bears
  2 hornets
  8 blink frogs
  4 slime creatures
  A vampire (D:10)
  56 yaks
  2 wraiths
  4 wyverns
  2 steam dragons
  Menkaure (D:7)
  3 redbacks (Lair:2)
  3 vampire mosquitoes (D:12)
  7 wargs
  An acid dragon (D:11)
  13 water moccasins
  Duvessa (D:7)
  35 orc warriors
  5 sky beasts
  An ice beast (D:5)
  7 ogres
  8 black bears
  21 wolves
  16 centaurs
  3 phantoms
  5 kobold brigands
  Blork the orc (D:5)
  3 gnoll sergeants
  14 bullfrogs
  3 scorpions
  3 necrophages
  A wyvern zombie (D:5)
  3 wights (D:8)
  Dowan (D:7)
  17 killer bees
  An electric eel (Lair:6)
  3 howler monkeys
  5 crimson imps (D:11)
  A centaur zombie (D:5)
  A bullfrog skeleton (D:5)
  A bullfrog zombie (D:5)
  Crazy Yiuf (D:6)
  6 jellies
  9 orc priests
  3 hounds
  2 gnoll shamans
  Jessica (D:3)
  12 iguanas
  25 orc wizards
  10 hell rats
  A killer bee zombie (D:5)
  A hound skeleton (D:5)
  19 gnolls
  6 adders
  2 shadow imps
  5 white imps
  2 ufetubi
  A worm (D:2)
  60 orcs
  7 endoplasms
  A giant cockroach (D:4)
  6 goblins
  7 hobgoblins
  6 jackals
  28 kobolds
  4 quokkas
  9 ball pythons
  6 bats
  A frilled lizard (D:2)
  4 rats
  A butterfly (Lair:3)
613 creatures vanquished.

Vanquished Creatures (collateral kills)
  2 yaks
  A vampire mosquito (D:11)
  A water moccasin (Lair:1)
  A killer bee (D:10)
  A gnoll shaman (D:6)
  4 gnolls (D:6)
  3 kobolds
13 creatures vanquished.

Vanquished Creatures (others)
  2 cane toads (Lair:2)
  4 yaks
  An orc warrior (Orc:2)
  An ogre (Orc:1)
  4 centaurs
  A killer bee (D:10)
  A hell rat (Lair:2)
  A gnoll (D:6)
  4 orcs
  A goblin (D:1)
  3 kobolds (D:8)
  7 bushes
  56 fungi
  68 plants
  4 withered plants (D:5)
158 creatures vanquished.

Grand Total: 784 creatures vanquished

Notes
Turn   | Place    | Note
-------+----------+-------------------------------------------
     0 | D:1      | tilp the Mummy Artificer began the quest for the Orb.
     0 | D:1      | Reached XP level 1. HP: 15/15 MP: 1/1
   340 | D:1      | Reached skill level 1 in Stealth
   364 | D:1      | Reached XP level 2. HP: 10/21 MP: 2/2
   374 | D:1      | Reached skill level 1 in Dodging
  1307 | D:1      | Gained mutation: You are in touch with the powers of death.
                  | [Mummy growth]
  1307 | D:1      | Reached XP level 3. HP: 24/26 MP: 3/3
  1800 | D:2      | Reached skill level 1 in Throwing
  1800 | D:2      | Reached XP level 4. HP: 33/33 MP: 4/4
  2125 | D:2      | Found a faded altar of an unknown god.
  2472 | D:3      | Found a faded altar of an unknown god.
  2549 | D:3      | Reached skill level 1 in Polearms
  2552 | D:3      | Noticed a water moccasin
  2556 | D:3      | Killed a water moccasin
  2557 | D:3      | Reached skill level 2 in Polearms
  2557 | D:3      | Reached skill level 1 in Shields
  2557 | D:3      | Reached XP level 5. HP: 28/38 MP: 5/5
  2687 | D:3      | Found an opulent altar of Gozag.
  2721 | D:3      | Noticed Jessica
  2727 | D:3      | Killed Jessica
  2889 | D:3      | Found a broken altar of Ashenzari.
  2957 | D:3      | Found Nonul's Assorted Antiques.
  3075 | D:3      | Bought a dented zirconium amulet for 115 gold pieces
  3080 | D:3      | Bought a scroll of identify for 46 gold pieces
  3183 | D:4      | Found a hazy altar of Hepliaklqana.
  3235 | D:4      | Reached XP level 6. HP: 36/44 MP: 6/6
  3751 | D:4      | Reached XP level 7. HP: 45/51 MP: 7/7
  4293 | D:5      | Entered Level 5 of the Dungeon
  4322 | D:5      | Reached skill level 3 in Polearms
  4595 | D:5      | Reached XP level 8. HP: 48/58 MP: 8/8
  5285 | D:5      | Reached skill level 4 in Polearms
  6150 | D:5      | Noticed Blork the orc
  6158 | D:5      | Killed Blork the orc
  6445 | D:5      | Reached XP level 9. HP: 66/66 MP: 9/9
  6644 | D:6      | Found a staircase to the Ecumenical Temple.
  6656 | Temple   | Entered the Ecumenical Temple
  6895 | Temple   | Became a worshipper of Ru the Awakened
  8374 | D:6      | Found a runed translucent door.
  8375 | D:6      | Noticed Crazy Yiuf
  8695 | D:7      | Reached skill level 5 in Polearms
  8695 | D:7      | Reached skill level 5 in Throwing
  8695 | D:7      | Reached skill level 5 in Evocations
  8871 | D:7      | Noticed Menkaure
  8874 | D:7      | Killed Menkaure
  9178 | D:7      | Found a shimmering altar of Xom.
  9267 | D:7      | Reached skill level 5 in Fighting
  9294 | D:7      | HP: 3/68 [iguana (5)]
 10025 | D:7      | Reached XP level 10. HP: 73/74 MP: 10/10
 10110 | D:7      | Reached skill level 6 in Polearms
 10629 | D:7      | Found Duivuroh's Antique Weapon Emporium.
 10671 | D:7      | Noticed Dowan
 10723 | D:8      | Noticed Psyche
 10738 | D:8      | Noticed a two-headed ogre
 10739 | D:8      | Killed Psyche
 11256 | D:8      | Killed a two-headed ogre
 11257 | D:8      | Reached skill level 5 in Dodging
 11704 | D:8      | Gained mutation: You cannot be stealthy. [Ru sacrifice]
 11946 | D:7      | Bought a glowing trident for 182 gold pieces
 12252 | D:9      | Reached skill level 7 in Polearms
 12311 | D:9      | HP: 2/77 [orc wizard/puff of flame (6)]
 12717 | D:9      | Identified the +6 spear of Hard Scrabble {chaos, rC+}
 12817 | D:9      | Reached XP level 11. HP: 30/83 MP: 11/11
 13333 | D:10     | Entered Level 10 of the Dungeon
 13858 | D:10     | Reached skill level 8 in Polearms
 14208 | D:10     | Noticed a two-headed ogre
 14214 | D:10     | Killed a two-headed ogre
 14696 | D:10     | Found a bloodstained altar of Trog.
 15017 | D:10     | Found a sparkling altar of Nemelex Xobeh.
 15132 | D:10     | Found an ornate altar of the Wu Jian Council.
 15742 | D:3      | Bought a wand of iceblast (5) for 92 gold pieces
 15836 | D:6      | Killed Crazy Yiuf
 15989 | D:11     | Noticed a sixfirhy
 16001 | D:11     | Reached skill level 9 in Polearms
 16058 | D:10     | Gained mutation: You cannot study or cast Earth magic. [Ru
                  | sacrifice]
 16058 | D:10     | Gained mutation: You cannot study or cast Transmutations
                  | magic. [Ru sacrifice]
 16058 | D:10     | Gained mutation: You cannot study or cast Conjurations
                  | magic. [Ru sacrifice]
 16058 | D:10     | Reached * piety under Ru
 16058 | D:10     | Reached ** piety under Ru
 16323 | D:11     | Noticed a red ugly thing
 16679 | D:11     | Noticed Erolcha
 16821 | D:11     | Killed Erolcha
 16854 | D:11     | Noticed Fannar
 16882 | D:11     | Killed Fannar
 17074 | D:11     | Killed a red ugly thing
 17749 | D:11     | Noticed a five-headed hydra
 17760 | D:11     | Noticed a death knight
 17771 | D:11     | Killed a five-headed hydra
 17772 | D:11     | Reached skill level 10 in Polearms
 17772 | D:11     | Reached XP level 12. HP: 79/96 MP: 12/12
 18154 | D:11     | Reached skill level 10 in Fighting
 18348 | D:11     | Noticed a two-headed ogre
 18355 | D:11     | Killed a two-headed ogre
 18749 | D:11     | Found a staircase to the Lair.
 18928 | D:11     | Killed a death knight
 19012 | D:11     | Noticed a seven-headed hydra
 19025 | D:11     | HP: 4/97 [seven-headed hydra (11)]
 19031 | D:11     | Killed a seven-headed hydra
 19473 | D:11     | Got the Compendium of Envenoming and Darkness
 19613 | D:11     | Noticed a boulder beetle
 19644 | Lair:1   | Entered Level 1 of the Lair of Beasts
 19704 | Lair:1   | Noticed a five-headed hydra
 19707 | Lair:1   | Noticed Nihirasm's ghost (novice MiBe)
 20032 | Lair:1   | Found a transporter.
 20045 | Lair:1   | Found a transporter.
 20592 | Lair:1   | Noticed an ice dragon
 20597 | Lair:1   | Killed an ice dragon
 20993 | Lair:2   | Noticed a catoblepas
 20999 | Lair:2   | Gained mutation: You are slightly weak-willed. (Will-) [Ru
                  | sacrifice]
 20999 | Lair:2   | Reached *** piety under Ru
 21021 | Lair:2   | Killed a catoblepas
 22488 | Lair:2   | Noticed a boulder beetle
 22504 | Lair:2   | HP: 3/92 [boulder beetle (21)]
 22508 | Lair:2   | Killed a boulder beetle
 23737 | Lair:2   | Gained mutation: You are strongly in touch with the powers
                  | of death. [Mummy growth]
 23737 | Lair:2   | Reached XP level 13. HP: 97/103 MP: 13/13
 23896 | Lair:2   | Found a hole to the Spider Nest.
 24132 | Lair:2   | Found a staircase to the Swamp.
 24387 | Lair:2   | Reached skill level 11 in Polearms
 26270 | Lair:3   | Noticed Amaemon
 26505 | Lair:3   | Reached skill level 12 in Polearms
 27103 | Lair:3   | Gained mutation: You have somewhat slow reflexes. (EV -5)
                  | [Ru sacrifice]
 27103 | Lair:3   | Reached **** piety under Ru
 27205 | Lair:2   | Killed Amaemon
 27796 | Lair:4   | Noticed Urug
 27799 | Lair:4   | Killed Urug
 30928 | Lair:5   | You fall into a shaft and drop 1 floor!
 30928 | Lair:6   | Entered Level 6 of the Lair of Beasts
 31495 | Lair:5   | Found a staircase to the Slime Pits.
 31868 | Lair:5   | Reached XP level 14. HP: 22/107 MP: 14/14
 32344 | Lair:5   | Gained mutation: Your casting is slightly disrupted. [Ru
                  | sacrifice]
 34328 | D:11     | Reached skill level 13 in Polearms
 34409 | D:7      | Noticed Duvessa
 34423 | D:7      | Killed Duvessa
 34427 | D:7      | Killed Dowan
 35091 | D:12     | Found a staircase to the Orcish Mines.
 35140 | D:12     | Identified a scroll of acquirement
 35412 | Orc:1    | Entered Level 1 of the Orcish Mines
 35467 | Orc:1    | Noticed Erica
 35489 | Orc:1    | Killed Erica
 36138 | Orc:1    | Gained mutation: You are clumsy. (Dex -2) [Ru sacrifice]
 36138 | Orc:1    | Reached ***** piety under Ru
 36377 | Orc:2    | Entered Level 2 of the Orcish Mines
 36388 | Orc:2    | HP: 4/113 [ogre/+0 giant club[an orc knight] (22)]
 37701 | Orc:2    | Reached skill level 10 in Dodging
 37976 | Orc:2    | Noticed kobe's ghost (journeyman OgAr)
 37984 | Orc:2    | Found a transporter.
 38599 | Orc:2    | Found a transporter.
 39139 | Orc:2    | Found a staircase to the Elven Halls.
 39367 | Orc:2    | Found a burning altar of Makhleb.
 40202 | Orc:2    | Found Masa's Jewellery Shoppe.
 40202 | Orc:2    | Found Daclol's Antique Weapon Boutique.
 40204 | Orc:2    | Found Wyasmuekh's General Store.
 40206 | Orc:2    | Found Uklem's Armour Emporium.
 40213 | Orc:2    | Bought a scroll of brand weapon for 300 gold pieces
 40213 | Orc:2    | Bought a wand of paralysis (3) for 75 gold pieces
 40425 | Lair:6   | Reached skill level 5 in Armour
 40726 | Lair:6   | HP: 3/109 [death yak (9)]
 40727 | Lair:6   | Slain by a death yak

Illustrated notes

Levels and vault maps discovered:
D:1:      lightli_molten_gateway, layout_rooms
D:2:      layout_loops_ring, ebering_ecumenical_altar_box
D:3:      layout_rooms, nicolae_overflow_ecumenical_swirl,
          nicolae_ashenzari_panopticon, nicolae_overflow_crystal_walls,
          serial_shops, nicolae_shop_advertising_works
          [nicolae_subvault_shop_adworks], uniq_jessica
D:4:      cheibrodos_barr_body, layout_rooms, nicolae_hepliaklqana_hazy_memory,
          lemuel_another_geyser
D:5:      kennysheep_six_static_rooms, layout_loops_cross, serial_undead,
          serial_undead_b, serial_undead_b, serial_undead_e, serial_undead_f,
          uniq_blork_the_orc
D:6:      layout_cave_pools, minmay_temple_entry_gardened_gates,
          minmay_unpleasant_kobolds, uniq_crazy_yiuf_cottage
D:7:      minmay_s_stair_smasher, layout_basic, tgw_xom, serial_shops,
          nicolae_shop_crystal, uniq_duvessa, uniq_menkaure
D:8:      layout_cave_pools, uniq_psyche
D:9:      layout_basic, enter_bailey_2
D:10:     layout_basic, trog_antimagical, pdpol_wu_jian_five_deadly_venoms,
          nemelex_altar_shiori, nicolae_looking_at_the_future
D:11:     nzn_winding_woodlands_medium [nzn_winding_woodlands_5x5_three,
          nzn_winding_woodlands_5x15_pool, nzn_winding_woodlands_5x5_open_star,
          nzn_winding_woodlands_hourglass,
          nzn_winding_woodlands_center_triple_pond,
          nzn_winding_woodlands_5x5_closed_star,
          nzn_winding_woodlands_5x5_cross, nzn_winding_woodlands_5x15_sawtooth,
          nzn_winding_woodlands_5x5_default], layout_small_grid,
          lair_entry_dummy, gauntlet_entry_generic, hex_medium,
          minmay_nine_imps, uniq_erolcha, uniq_fannar
D:12:     minmay_octo_star, layout_gridville, minmay_orc_entry_guard_dogs
Temple:   eino_temple_water
Lair:1:   dragon1_lemuel, layout_regular_city, gammafunk_ghost_arena,
          nicolae_quartered_pool_impasse
Lair:2:   layout_cave_pods, skrybe_swamp_entry_bodies, spider_nest_entry_webs
Lair:3:   layout_concentric_octagons, beast_lair_carwin_9, lemuel_fruit_fields,
          uniq_amaemon
Lair:4:   layout_cave_pods, cheibrodos_lair_caveside_slide,
          serial_bayou_shore_b, uniq_urug
Lair:5:   layout_regular_city, minmay_slime_entry_pillars
Lair:6:   guppyfry_lair_end_dragon, layout_regular_city,
          hangedman_lair_caniforms_friends, dreamdust_mushroom_princess,
          gammafunk_lair_bear_cave, infiniplex_staircase_pool
Orc:1:    layout_caves, uniq_erica
Orc:2:    st_orc_rangers, layout_diamond_mine, gammafunk_ghost_arena,
          basic_altar

Skill      XL: |  1  2  3  4  5  6  7  8  9 10 11 12 13 14 |
---------------+-------------------------------------------+-----
Stealth        | 1 2 0 |  0.0
Dodging        | 1 2 3 4 5 6 7 9 10 | 10.0
Fighting       | 2 3 4 5 6 9 10 11 | 11.5
Throwing       | 1 2 3 4 5 6 |  6.0
Armour         | 2 3 5 |  5.3
Evocations     | 3 4 5 6 8 |  8.0
Polearms       | 2 3 4 5 7 10 12 13 | 13.8
Shields        | 1 2 |  2.0

Action                   |  1- 3 |  4- 6 |  7- 9 | 10-12 | 13-15 || total
-------------------------+-------+-------+-------+-------+-------++-------
Melee: Hand axe          |    74 |       |       |       |       ||    74
       Mace              |     9 |       |       |       |       ||     9
       Punch             |     1 |       |       |       |       ||     1
       Spear             |       |    54 |   359 |       |       ||   413
       Trident           |       |       |   162 |  1018 |  1451 ||  2631
       Glaive            |       |       |       |       |    25 ||    25
 Fire: Hunting sling     |    39 |    70 |    22 |    13 |       ||   144
Throw: Stone             |     5 |       |    27 |    18 |       ||    50
       Dart              |       |       |     3 |    49 |   133 ||   185
       Javelin           |       |       |     2 |     2 |     4 ||     8
       Boomerang         |       |       |     2 |     3 |    11 ||    16
       Throwing net      |       |       |       |     2 |     1 ||     3
Invok: Sacrifice Stealth |       |       |       |     1 |       ||     1
       Sacrifice Arcana  |       |       |       |     1 |       ||     1
       Draw Out Power    |       |       |       |     1 |     4 ||     5
       Sacrifice Essence |       |       |       |     1 |     1 ||     2
       Sacrifice Health  |       |       |       |       |     1 ||     1
       Power Leap        |       |       |       |       |     2 ||     2
       Apocalypse        |       |       |       |       |     2 ||     2
       Sacrifice Purity  |       |       |       |       |     1 ||     1
Evoke: Wand              |     4 |     3 |    19 |    49 |    12 ||    87
  Use: Scroll            |       |     4 |     8 |    15 |     9 ||    36
 Stab: Distracted        |       |       |     1 |       |     3 ||     4
       Invisible         |       |       |       |     2 |    20 ||    22
       Paralysed         |       |       |       |    14 |     2 ||    16
       Held in net/web   |       |       |       |       |     3 ||     3
Armor: Leather armour    |    25 |       |       |       |       ||    25
       Ring mail         |    14 |    18 |   163 |   155 |       ||   350
       Chain mail        |     1 |    32 |       |       |       ||    33
       Plate armour      |       |       |       |   206 |   641 ||   847
Dodge: Dodged            |    81 |    38 |   232 |   361 |   238 ||   950
Block: Buckler           |     5 |    11 |    82 |   138 |   154 ||   390

Table legend: (Time is in decaauts)
 A = Elapsed time spent in this place.
 B = Non-inter-level travel time spent in this place.
 C = Inter-level travel time spent in this place.
 D = Time resting spent in this place.
 E = Time spent auto-exploring this place.
 F = Levels seen in this place.
 G = Mean time per level.
                   A        B        C        D        E       F      G
               +--------+--------+--------+--------+--------+-----+--------+
         Total |  40380 |  37422 |   2958 |  17764 |  12435 |  21 | 1922.9 |
       Dungeon |  20882 |  19086 |   1796 |   8359 |   6682 |  12 | 1740.2 |
        Temple |    258 |    178 |     80 |      0 |    166 |   1 |  258.0 |
          Lair |  14739 |  13832 |    907 |   6709 |   4935 |   6 | 2456.5 |
  Orcish Mines |   4499 |   4324 |    175 |   2695 |    652 |   2 | 2249.5 |
               +--------+--------+--------+--------+--------+-----+--------+

Top non-repeatable levels by time:
  Lair:2: 4311 daAuts
    D:11: 3066 daAuts
  Lair:4: 2997 daAuts
    D:10: 2869 daAuts
   Orc:1: 2469 daAuts
     D:7: 2294 daAuts
     D:5: 2229 daAuts
  Lair:5: 2217 daAuts
  Lair:3: 2216 daAuts
     D:6: 2187 daAuts
   Orc:2: 2030 daAuts
     D:1: 1637 daAuts
  Lair:1: 1561 daAuts
     D:4: 1556 daAuts
  Lair:6: 1435 daAuts
